 Dungeon Crawl Stone Soup version 0.16.1-11-g651b585 (webtiles) character file.

131 Chiseanne the Vandal (level 4, -5/23 HPs)
             Began as a Spriggan Hunter on Apr 7, 2015.
             Killed from afar by Sigmund (12 damage)
             ... with a puff of flame
             ... on level 3 of the Dungeon.
             The game lasted 00:08:46 (3727 turns).

Chiseanne the Vandal (Spriggan Hunter)              Turns: 3727, Time: 00:08:47

Health: -5/23      AC:  2    Str:  8    XL:     4   Next: 91%
Magic:  8/8        EV: 19    Int: 12    God:
Gold:   179        SH:  0    Dex: 17    Spells: 0 memorised, 3 levels left

rFire  . . .     SeeInvis +     w - +1 hunting sling
rCold  . . .     Clarity  +     d - +0 animal skin
rNeg   . . .     SustAb   .     (shield restricted)
rPois  .         Gourm    .     (helmet restricted)
rElec  .         Spirit   .     (no cloak)
rCorr  .         Warding  .     (gloves unavailable)
rMut   .         Stasis   .     (boots unavailable)
MR     .....                    q - amulet of clarity
Stlth  ++........               (no ring)
                                (no ring)

@: very slightly contaminated, hasted, very quick, not resistant to hostile
enchantments, unstealthy
A: unfitting armour, see invisible, herbivore 3, speed 3, slow metabolism 2
a: no special abilities


You were on level 3 of the Dungeon.
You were not hungry.

You visited 1 branch of the dungeon, and saw 3 of its levels.

You collected 179 gold pieces.

Inventory:

Hand weapons
 a - a +1 short sword of freezing
 s - a +5 club
 w - a +1 hunting sling (weapon)
Missiles
 h - 27 bolts
 i - 132 stones (quivered)
Armour
 d - a +0 animal skin (worn)
Jewellery
 o - an uncursed ring of fire
 q - an amulet of clarity (around neck)
Magical devices
 j - a wand of digging (11)
Scrolls
 g - 2 scrolls of fear {unknown}
 k - 2 scrolls of fog {unknown}
 m - a scroll of amnesia {unknown}
 p - a scroll of identify
Potions
 b - a potion of curing
 n - a potion of might {unknown}
Comestibles
 f - 3 bread rations
 l - a royal jelly
 r - a slice of pizza


   Skills:
 * Level 1.9 Fighting
 * Level 7.1 Slings
 * Level 3.8 Dodging
 - Level 1.5 Stealth


You had 3 spell levels left.
You didn't know any spells.

Dungeon Overview and Level Annotations

Branches:
Dungeon (3/15)

Altars:
Elyvilon
Nemelex Xobeh
Vehumet

Annotations:
D:3 Sigmund


Innate Abilities, Weirdness & Mutations

You are tiny and cannot use many weapons and most armour.
You have supernaturally acute eyesight.
You are a herbivore.
You cover ground extremely quickly.
You need consume almost no food.


Message History

You see here a leather armour.
Firing (i - inventory):
i - 135 stones (quivered)
Press: ? - help, Shift-Dir - straight line, f/p - Sigmund
Aim: Sigmund, wielding a scythe, wearing a robe and carrying a wand of enslavement {zapped: 19} (moderately wounded, slightly transparent)
You shoot a stone. The stone closely misses Sigmund.
There is a stone staircase leading down here.
Firing (i - inventory):
i - 134 stones (quivered)
Press: ? - help, Shift-Dir - straight line, f/p - Sigmund
Aim: Sigmund, wielding a scythe, wearing a robe and carrying a wand of enslavement {zapped: 19} (moderately wounded, slightly transparent)
You shoot a stone. The stone closely misses Sigmund.
Firing (i - inventory):
i - 133 stones (quivered)
Press: ? - help, Shift-Dir - straight line, f/p - Sigmund
Aim: Sigmund, wielding a scythe, wearing a robe and carrying a wand of enslavement {zapped: 19} (moderately wounded, slightly transparent)
You shoot a stone. The stone barely misses Sigmund.
Sigmund casts a spell at you. The puff of flame hits you!
Sigmund gestures at you while chanting. The puff of flame hits you!
Ouch! That really hurt!
You die...

......# #.......# ......#
###.#####.# ##.#### #......##.#
##)# ###### #.#.......# ...#
#....#### #.#.......# .###
#.......# #.#.......# .#
#.##.##.# #.#.......# .#
####.##.##.####.#.......# .#
#.........@.....#.......# .#
#.##.#.......####.......#
.######.##.#.###......####.####
........#...## ##....@.###.####
........#(### #.####.(......#
........#(### ###.# #.>##.##.#
.##.......(.# #...## #..##.##.#
.##.#.##..(.###....###..##....#
.##.#.##.##......_...@..####..#


You could see Sigmund (invisible).

Vanquished Creatures
  Ijyb (D:2)
  Terence (D:2)
  3 adders (D:2)
  A giant mite (D:2)
  A worm (D:2)
  3 giant geckos
  An orc (D:3)
  A ball python (D:1)
  2 giant cockroaches (D:2)
  5 hobgoblins
  A quokka (D:2)
  10 bats
  11 goblins
  7 jackals
  10 kobolds
  9 rats
67 creatures vanquished.

Notes
Turn   | Place    | Note
--------------------------------------------------------------
     0 | D:1      | Chiseanne, the Spriggan Hunter, began the quest for the Orb.
     0 | D:1      | Reached XP level 1. HP: 10/10 MP: 2/2
    60 | D:1      | Found a sparkling altar of Nemelex Xobeh.
   179 | D:1      | Reached skill level 5 in Slings
   227 | D:1      | Reached XP level 2. HP: 2/14 MP: 4/4
  1491 | D:2      | Reached XP level 3. HP: 18/18 MP: 6/6
  1657 | D:2      | Reached skill level 6 in Slings
  1723 | D:2      | Noticed Terence
  1766 | D:2      | Killed Terence
  2115 | D:2      | Reached XP level 4. HP: 21/23 MP: 8/8
  2143 | D:2      | Found a white marble altar of Elyvilon.
  2568 | D:2      | Noticed Ijyb
  2843 | D:2      | Killed Ijyb
  2984 | D:2      | Reached skill level 7 in Slings
  3341 | D:3      | Found a radiant altar of Vehumet.
  3344 | D:3      | Noticed Sigmund
  3727 | D:3      | Killed from afar by Sigmund

Action                   |  1- 3 |  4- 6 || total
-------------------------+-------+-------++-------
 Fire: Hunting sling     |   115 |   110 ||   225
Throw: Stone             |     3 |       ||     3
  Use: Scroll            |     3 |       ||     3
       Potion            |       |     2 ||     2
